 Dungeon Crawl Stone Soup version 0.31-a0-810-ga77100ea1a (webtiles) character file.

Game seed: 8738563116467668591

170 dynsetu the Shield-Bearer (level 5, -2/42 HPs)
             Began as a Formicid Fighter on Sept 22, 2023.
             Was a Believer of Cheibriados.
             Slain by a bullfrog (6 damage)
             ... in a sewer.
             The game lasted 00:06:36 (2262 turns).

dynsetu the Shield-Bearer (Formicid Fighter)        Turns: 2262, Time: 00:06:38

Health: -2/42      AC:  7    Str: 28    XL:     5   Next: 80%
Magic:  2/5        EV:  7    Int: 12    God:    Cheibriados [**....]
Gold:   66         SH:  8    Dex: 18    Spells: 4/4 levels left

rFire   . . .        a - +0 trident
rCold   . . .        k - +2 buckler
rNeg    . . .        b - +0 scale mail
rPois   .            (helmet unavailable)
rElec   .            (no cloak)
rCorr   .            (no gloves)
SInv    +            (no boots)
Will    .....        (no amulet) Stlth
                     (no ring)
HPRegen 0.27/turn    (no ring)
MPRegen 0.09/turn

%: no passive effects
@: constricted, very slow
A: permanent stasis, dig shafts and tunnels, antennae 3, four strong arms
a: Dig, Renounce Religion, Bend Time


You were in a sewer.
You worshipped Cheibriados.
Cheibriados was pleased with you.
You visited 1 branch of the dungeon, and saw 3 of its levels.
You also visited: Sewer.

You collected 66 gold pieces.

Inventory:

Hand Weapons
 a - a +0 trident (weapon)
Armour
 b - a +0 scale mail (worn)
 k - a +2 buckler (worn)
Scrolls
 e - a scroll of revelation {unknown}
 f - a scroll of identify {unknown}
 h - a scroll of amnesia {unknown}
 j - a scroll of enchant armour {unknown}
Potions
 d - 2 potions of might
 g - a potion of cancellation {unknown}
 i - a potion of curing {unknown}


   Skills:
 + Level 4.1 Fighting
 + Level 3.6 Polearms
 + Level 4.1 Armour
 + Level 0.9 Dodging
 + Level 4.9 Shields


You had 4 spell levels left.
You didn't know any spells.
Your spell library contained the following spells:

 Spells                   Type           Power      Damage    Failure   Level
 Cigotuvi's Dreadful Rot  Necr/Pois/Air  0%         N/A       77%         2
 Ignite Poison            Fire/Tmut/Pois 0%         N/A       94%         3
 Ozocubu's Armour         Ice            0%         N/A       94%         3
 Freezing Cloud           Conj/Ice/Air   0%         6-21      100%        5
 Metabolic Englaciation   Hex/Ice        0%         N/A       100%        5
 Simulacrum               Ice/Necr       0%         N/A       100%        6


Dungeon Overview and Level Annotations

Branches:
Dungeon (3/15)              Sewer (1/1)

Altars:
Cheibriados

Shops:
D:1 [[[


Innate Abilities, Weirdness & Mutations

You cannot be hasted, slowed, berserked, paralysed or teleported.
You can dig through walls and to a lower floor.
You have a pair of large antennae on your head. (SInv)
Your four strong arms can wield two-handed weapons with a shield.


Message History

The bullfrog attacks as it pursues you! You block the bullfrog's attack.
The bullfrog closely misses you. The bullfrog hits you.
The ball python closely misses you. x2; The bullfrog closely misses you.
The bullfrog barely misses you. You block the ball python's attack.
The ball python barely misses you. You block the bullfrog's attack.
You block the bullfrog's attack. You block the ball python's attack.
The ball python grabs you. The ball python constricts you.
The bullfrog hits you.
* * * LOW HITPOINT WARNING * * *
The ball python barely misses you. The ball python constricts you.
You block the bullfrog's attack.
The bullfrog hits you but does no damage.
The ball python bites you but does no damage.
The ball python constricts you.
You escape the ball python's grasp.
The bullfrog attacks as it pursues you! You block the bullfrog's attack.
The bullfrog hits you.
* * * LOW HITPOINT WARNING * * *
The bullfrog hits you but does no damage.
The ball python attacks as it pursues you!
The ball python bites you but does no damage.
The ball python grabs you. The ball python constricts you.
The bullfrog hits you.
* * * LOW HITPOINT WARNING * * *
The bullfrog hits you but does no damage.
The ball python bites you but does no damage.
The ball python constricts you.
The bullfrog hits you but does no damage.
You closely miss the ball python. The bullfrog barely misses you.
You block the ball python's attack. The ball python constricts you.
The bullfrog hits you but does no damage. x2
The ball python bites you but does no damage.
The ball python constricts you.
Unknown command.
The flow of time bends around you.
Cheibriados rebukes the ball python.
The ball python seems to slow down.
Cheibriados rebukes the bullfrog.
The bullfrog seems to slow down.
The bullfrog resists with some effort.
The bullfrog hits you.
You die...

≈≈≈≈~~††~~~~.~..∩.∩.#
#.~≈~~~~~~...########
#~~≈~~########
#~~≈~.###########################
#.~≈÷.÷~...................†.....
#.~≈÷~~~~~~~~~~~~÷~~~~~~~~~~~~~~.
#.~≈≈≈≈≈≈≈≈≈≈≈≈≈≈≈≈≈≈≈≈≈≈≈≈≈≈≈≈~~
#~~≈~~~~~~~~~~~~~F~~≈~~≈≈≈~~~~≈≈~
#~≈≈~~~.........@F~≈~≈≈~~~~..~~≈~
#~~≈~~#######~≈≈≈S≈≈≈~~≈≈≈≈≈~.†≈~
#.~≈~~# #≈≈≈~≈≈≈≈≈≈≈≈≈≈≈≈≈~.~≈~
#.~≈~.# #≈≈~≈≈≈≈≈≈..~~≈≈≈≈~~~≈~
#.~≈~.# #≈≈≈≈≈≈≈≈B~.~~~~≈≈≈~~~≈~
#.~≈~~# #≈≈≈≈≈≈≈~[~.~.≈≈~≈≈≈~~≈~
#.~≈~~# #≈≈≈≈≈≈.)([....≈≈~≈~~~≈~
#.~≈~~# #≈≈≈≈≈~~.:?...~~≈≈~≈≈~≈~
#.~≈~~# #≈≈≈≈≈≈~..≈≈B..~≈≈≈≈≈≈≈~


You could see 2 bullfrogs, a giant cockroach and a ball python (slow).

Vanquished Creatures
  An orc wizard (D:3)
  A river rat (D:3)
  7 adders
  2 worms
  A dart slug (D:1)
  4 orcs (D:3)
  5 ball pythons
  4 endoplasms (D:1)
  6 giant cockroaches
  3 goblins
  3 hobgoblins
  3 jackals (D:1)
  2 quokkas (Sewer)
  5 bats
  14 frilled lizards
  6 rats
67 creatures vanquished.

Notes
Turn   | Place    | Note
-------+----------+-------------------------------------------
     0 | D:1      | dynsetu the Formicid Fighter began the quest for the Orb.
     0 | D:1      | Reached XP level 1. HP: 18/18 MP: 1/1
    64 | D:1      | Found Tamu's Antique Armour Boutique.
   103 | D:1      | Reached XP level 2. HP: 24/24 MP: 2/2
   192 | D:1      | Found Fyppumet's Armour Boutique.
   452 | D:1      | Reached XP level 3. HP: 30/30 MP: 3/3
   501 | D:1      | Found Uvukayf's Armour Emporium.
  1178 | D:2      | Reached XP level 4. HP: 37/37 MP: 4/4
  1227 | D:2      | Found a faded altar of an unknown god.
  1230 | D:2      | Prayed at the altar of an unknown god.
  1230 | D:2      | Became a worshipper of Cheibriados the Contemplative
  1230 | D:2      | Reached * piety under Cheibriados
  1906 | D:3      | Found a glowing drain.
  1910 | D:3      | Reached XP level 5. HP: 41/42 MP: 5/5
  1943 | Sewer    | Entered a sewer
  2042 | Sewer    | Reached ** piety under Cheibriados
  2250 | Sewer    | Noticed a bullfrog
  2250 | Sewer    | Noticed a bullfrog
  2262 | Sewer    | Slain by a bullfrog

Illustrated notes

Levels and vault maps discovered:
D:1:      erik_arrival_triangle_small, layout_basic, serial_shops,
          nicolae_shop_hallway_plus, nicolae_shop_pleasant_corner_grove, shop,
          hangedman_decor_riveting
D:2:      layout_loops_corners, shapermc_ecumenical_altar_mp_urbaneastern,
          bh_walls_and_bars
D:3:      lemuel_castle_with_subvaults [lemuel_castle_interior_carwin_3],
          layout_basic, portal_sewer_entry_a, serial_rivers,
          chequers_serial_rivers_micro_e, chequers_serial_rivers_micro_e,
          chequers_serial_rivers_micro_e, chequers_serial_rivers_small_a,
          chequers_serial_rivers_large_a, chequers_serial_rivers_micro_d,
          corexii_leaking_fountain
Sewer:    sewer_frog_island_01

Skill      XL: |  1  2  3  4  5 |
---------------+----------------+-----
Fighting       | 4 |  4.1
Polearms       | 3 |  3.6
Armour         | 4 |  4.1
Dodging        | |  0.9
Shields        | |  4.9

Action                     |  1- 3 |  4- 6 || total
---------------------------+-------+-------++-------
  Melee: Trident           |    95 |   139 ||   234
 Invoke: Bend Time         |       |     1 ||     1
Ability: Dig               |       |     1 ||     1
 Armour: Scale mail        |    55 |    99 ||   154
  Dodge: Dodged            |    49 |    71 ||   120
  Block: Buckler           |    18 |    57 ||    75

Table legend: (Time is in decaauts)
 A = Elapsed time spent in this place.
 B = Non-inter-level travel time spent in this place.
 C = Inter-level travel time spent in this place.
 D = Time resting spent in this place.
 E = Time spent auto-exploring this place.
 F = Levels seen in this place.
 G = Mean time per level.
                   A        B        C        D        E       F      G
               +--------+--------+--------+--------+--------+-----+--------+
         Total |   2636 |   2548 |     88 |      0 |   1945 |   4 |  659.0 |
       Dungeon |   2214 |   2126 |     88 |      0 |   1714 |   3 |  738.0 |
         Sewer |    421 |    421 |      0 |      0 |    231 |   1 |  421.0 |
               +--------+--------+--------+--------+--------+-----+--------+

Top non-repeatable levels by time:
     D:2: 1171 daAuts
     D:1: 880 daAuts
   Sewer: 421 daAuts
     D:3: 162 daAuts
